 Dungeon Crawl Stone Soup version 0.23.2-33-g5129a83184 (webtiles) character file.

Game seed: 2578566294276973530

1610 Felnil the Covered (level 8, -3/58 HPs)
             Began as a Mummy Fighter on Aug 7, 2019.
             Slain by an orc warrior
             ... wielding a +0 battleaxe
              (9 damage)
             ... on level 6 of the Dungeon.
             The game lasted 00:27:43 (7375 turns).

Felnil the Covered (Mummy Fighter)                  Turns: 7375, Time: 00:27:44

Health: -3/58      AC: 14    Str: 25    XL:     8   Next: 63%
Magic:  8/8        EV: 10    Int:  7    God:
Gold:   268        SH: 11    Dex: 13    Spells: 7/7 levels left

rFire    x . .     SeeInvis +   a - +0 war axe
rCold    + . .     Gourm    .   c - +0 shield
rNeg     + + +     Faith    .   b - +0 scale mail
rPois    ∞         Spirit   .   k - +2 helmet "Cyneo" {Str+3 Dex+2}
rElec    .         Reflect  .   (no cloak)
rCorr    .         Harm     .   (no gloves)
MR       +....                  e - +2 pair of boots
Stlth    ..........             (no amulet)
HPRegen  0.19/turn              i - ring of see invisible
MPRegen  0.11/turn              m - +2 ring of evasion

@: no status effects
A: no food or potions, fire vulnerability, cold resistance 1, negative energy
resistance 3, torment resistance, unbreathing
a: no special abilities


You were on level 6 of the Dungeon.
You were not hungry.

You visited 1 branch of the dungeon, and saw 6 of its levels.
You also visited: Sewer.

You collected 268 gold pieces.

Inventory:

Hand Weapons
 a - a +0 war axe (weapon)
Armour
 b - a +0 scale mail (worn)
 c - a +0 shield (worn)
 e - a +2 pair of boots (worn)
 k - the +2 helmet "Cyneo" (worn) {Str+3 Dex+2}
   (You found it on level 5 of the Dungeon)

   It affects your strength (+3).
   It affects your dexterity (+2).
Jewellery
 i - a ring of see invisible (left hand)
 l - an uncursed ring of positive energy
 m - a +2 ring of evasion (right hand)
Scrolls
 d - 5 scrolls of amnesia
 f - 2 scrolls of teleportation
 g - 2 scrolls of remove curse
 h - a scroll of enchant weapon
 j - a scroll of identify


   Skills:
 - Level 3.0 Fighting
 - Level 1.5 Axes
 + Level 6.9 Armour
 + Level 6.9 Shields


You had 7 spell levels left.
You didn't know any spells.
Your spell library was empty.

Dungeon Overview and Level Annotations

Branches:
Dungeon (6/15)
 Temple: D:4-7

Altars:
Fedhas
Makhleb
Qazlal

Shops:
D:4 *


Innate Abilities, Weirdness & Mutations

You do not eat or drink.
Your flesh is vulnerable to fire.
You are immune to poison.
Your flesh is cold resistant. (rC+)
You are immune to negative energy. (rN+++)
You are immune to unholy pain and torment.
You can survive without breathing.


Message History

The orc wizard casts a spell.
The orc wizard flickers and vanishes for a moment.
You block the orc warrior's attack.
You closely miss the orc warrior.
The orc warrior is severely wounded.
The orc warrior hits you with a +0 battleaxe!
* * * LOW HITPOINT WARNING * * *
You are too injured to fight recklessly!
You closely miss the orc warrior.
The orc warrior is severely wounded.
The orc warrior completely misses you.
You hit the orc warrior but do no damage.
The orc warrior is severely wounded.
You block the orc warrior's attack.
The orc warrior hits you with a +0 battleaxe!
* * * LOW HITPOINT WARNING * * *
You closely miss the orc warrior.
The orc warrior is severely wounded.
The orc warrior hits you with a +0 battleaxe!
You die...

### o.# #.. #.# #
#.#######o#
#))....@oo# ###
#.######### ##.###.#
#.. ##.#.##.# #.#
.###.###.#.# #.#
.%..## ##..# #.#
####.###.#.#
###.##### ##.#.##.#
#.......#####
##.###o###.......#...


You could see an orc warrior and 2 orc wizards.

Vanquished Creatures
  Menkaure (D:5)
  A sky beast (D:6)
  A centaur (D:5)
  3 phantoms (D:4)
  A big kobold (Sewer)
  A howler monkey (D:4)
  A crimson imp (D:6)
  4 orc wizards
  6 orc priests
  Crazy Yiuf (D:5)
  3 hounds
  Jessica (D:3)
  5 worker ants
  4 gnolls (D:3)
  6 river rats
  13 adders
  An ooze (D:2)
  2 adder skeletons
  3 worms
  6 dart slugs
  3 leopard geckos
  11 orcs
  10 ball pythons
  4 giant cockroaches
  3 goblins
  10 hobgoblins
  12 jackals
  2 quokkas (D:4)
  6 bats
  7 frilled lizards
  22 kobolds
  A leopard gecko skeleton (D:4)
  28 rats
183 creatures vanquished.

Notes
Turn   | Place    | Note
-------+----------+-------------------------------------------
     0 | D:1      | Felnil the Mummy Fighter began the quest for the Orb.
     0 | D:1      | Reached XP level 1. HP: 18/18 MP: 1/1
    39 | D:1      | Reached XP level 2. HP: 24/24 MP: 2/2
   691 | D:2      | Reached XP level 3. HP: 29/29 MP: 3/3
  1014 | D:2      | Found a stormy altar of Qazlal.
  1034 | D:2      | Reached XP level 4. HP: 32/35 MP: 4/4
  1765 | D:3      | Found a glowing drain.
  1780 | D:3      | Reached XP level 5. HP: 31/41 MP: 5/5
  1883 | Sewer    | Entered a sewer
  2044 | Sewer    | HP: 2/41 [river rat (3)]
  2443 | Sewer    | Reached XP level 6. HP: 29/47 MP: 6/6
  3583 | D:3      | Noticed Jessica
  3588 | D:3      | Killed Jessica
  3641 | D:3      | Found a blossoming altar of Fedhas.
  3802 | D:4      | Found Xasounn's Assorted Antiques.
  4034 | D:4      | Reached skill level 5 in Armour
  4044 | D:4      | Reached skill level 5 in Shields
  4044 | D:4      | Reached XP level 7. HP: 16/52 MP: 7/7
  5587 | D:5      | Entered Level 5 of the Dungeon
  5744 | D:5      | Reached XP level 8. HP: 51/58 MP: 8/8
  5748 | D:5      | Noticed Menkaure
  5795 | D:5      | Found a burning altar of Makhleb.
  5823 | D:5      | Killed Menkaure
  5968 | D:5      | Got a fine helmet
  5974 | D:5      | Identified the +2 helmet "Cyneo" {Str+3 Dex+2} (You found
                  | it on level 5 of the Dungeon)
  6486 | D:5      | Found a runed translucent door.
  6487 | D:5      | Noticed Crazy Yiuf
  6496 | D:5      | Killed Crazy Yiuf
  7375 | D:6      | Slain by an orc warrior

Skill      XL: |  1  2  3  4  5  6  7 |
---------------+----------------------+-----
Shields        | 3 4 5 6 |  6.9
Armour         | 3 4 5 6 |  6.9
Fighting       | |  3.0
Axes           | |  1.5

Action                   |  1- 3 |  4- 6 |  7- 9 || total
-------------------------+-------+-------+-------++-------
Melee: War axe           |    99 |   308 |   273 ||   680
  Use: Scroll            |       |     5 |     3 ||     8
Armor: Scale mail        |    52 |   205 |   109 ||   366
Dodge: Dodged            |    29 |   134 |    71 ||   234
Block: Shield            |    63 |   238 |   158 ||   459
